 Dungeon Crawl Stone Soup version 0.20.1-1-g8b1a95d (webtiles) character file.

1542 polve the Cleaver (level 8, -17/56 HPs)
             Began as a Demonspawn Gladiator on July 18, 2017.
             Demolished by an ogre
             ... wielding a +0 giant club
              (30 damage)
             ... on level 6 of the Dungeon.
             The game lasted 00:05:50 (6614 turns).

polve the Cleaver (Demonspawn Gladiator)            Turns: 6614, Time: 00:05:51

Health: -17/56     AC:  7    Str: 16    XL:     8   Next: 56%
Magic:  8/8        EV: 20    Int: 11    God:
Gold:   313        SH:  2    Dex: 19    Spells: 7/7 levels left

rFire    . . .     SeeInvis .   a - +0 war axe
rCold    . . .     Gourm    .   (no shield)
rNeg     . . .     Faith    .   w - +0 scale mail
rPois    .         Spirit   .   (helmet restricted)
rElec    .         Reflect  +   (no cloak)
rCorr    .         Harm     .   (no gloves)
MR       .....                  (no boots)
Stlth    +.........             l - +2 amulet of reflection
Regen    0.0/turn               v - +1 ring of evasion
MPRegen  0.2/turn               h - +1 ring of protection

@: agile
A: horns 2, repulsion field 2, powered by pain 1, inhibited regeneration
a: no special abilities


You were on level 6 of the Dungeon.
You were very hungry.

You visited 1 branch of the dungeon, and saw 6 of its levels.

You collected 313 gold pieces.

Inventory:

Hand Weapons
 a - a +0 war axe (weapon)
Missiles
 d - 3 throwing nets (quivered)
Armour
 w - a +0 scale mail (worn)
Jewellery
 h - a +1 ring of protection (right hand)
 l - a +2 amulet of reflection (around neck)
 v - a +1 ring of evasion (left hand)
Scrolls
 i - 3 scrolls of identify {unknown}
 j - 3 scrolls of remove curse
 k - 3 scrolls of magic mapping {unknown}
 n - a scroll of recharging {unknown}
 o - a scroll of blinking {unknown}
 p - 4 scrolls of amnesia
 q - a scroll of teleportation {unknown}
 r - a scroll of immolation {unknown}
 s - a scroll of fog {unknown}
 u - a scroll of fear {unknown}
Potions
 b - a potion of haste {unknown}
 t - a potion of heal wounds
Comestibles
 f - 5 bread rations
 g - a meat ration
 m - 6 fruits


   Skills:
 - Level 2.0 Fighting
 + Level 10.0 Axes
 - Level 1.7 Throwing
 - Level 2.1 Armour
 - Level 2.6 Dodging


You had 7 spell levels left.
You didn't know any spells.

Dungeon Overview and Level Annotations

Branches:
Dungeon (6/15)
 Temple: D:4-7

Altars:

Shops:
D:6 [


Innate Abilities, Weirdness & Mutations

You have a pair of horns on your head.
You are surrounded by a moderate repulsion field. (EV +3)
You sometimes gain a little power by taking damage.
You do not regenerate when monsters are visible.


Message History

You closely miss the ogre. You closely miss something.
You closely miss the orc. Something hits you.
* * * LOW HITPOINT WARNING * * *
The ogre closely misses you. The orc closely misses you.
You hit the ogre.
The ogre is heavily wounded.
You hit the orc.
You kill the orc!
You closely miss the iguana. Something hits you but does no damage.
The ogre completely misses you. The iguana bites you!
* * * LOW HITPOINT WARNING * * *
You feel much better. Something closely misses you. Something hits you!
* * * LOW HITPOINT WARNING * * *
The iguana bites you!
* * * LOW HITPOINT WARNING * * *
You focus on the pain.
You feel more agile all of a sudden. The ogre hits you with a giant club!!
Ouch! That really hurt!
You die...

#.........#
#.........#
#.........#
#...).....#
#...).....#
#.........#
#####'#####
#$$$)lO$$$#
#$$$)@$$$$#
#$$$$$$$$$#
#$$$$$$$$$#
###########


You could see an ogre and an iguana.

Vanquished Creatures
  A cyclops (D:6)
  The ghost of polve the Cudgeler, an amateur GrFi (D:3)
  The ghost of polve the Chopper, an amateur DsGl (D:4)
  A sky beast (D:5)
  A centaur (D:5)
  2 scorpions
  A crimson imp (D:5)
  3 orc wizards
  2 hounds
  An orc priest (D:5)
  A jelly (D:5)
  A centaur skeleton (D:4)
  An iguana (D:4)
  3 worker ants
  2 hound skeletons (D:5)
  7 adders
  A shadow imp (D:2)
  3 oozes
  An adder zombie (D:4)
  2 adder skeletons
  2 worms (D:4)
  3 dart slugs
  4 leopard geckos
  18 orcs
  4 giant cockroaches
  15 goblins
  6 hobgoblins
  11 jackals
  A quokka (D:1)
  A ball python (D:1)
  10 bats
  8 frilled lizards
  10 kobolds
  2 quokka skeletons
  5 rats
136 creatures vanquished.

Notes
Turn   | Place    | Note
-------+----------+-------------------------------------------
     0 | D:1      | polve the Demonspawn Gladiator began the quest for the Orb.
     0 | D:1      | Reached XP level 1. HP: 16/16 MP: 1/1
   220 | D:1      | Reached skill level 3 in Axes
   397 | D:1      | Gained mutation: You have a pair of small horns on your head. [demonic ancestry]
   397 | D:1      | Reached XP level 2. HP: 20/22 MP: 2/2
  1080 | D:1      | Gained mutation: You sometimes gain a little power by taking damage. [demonic ancestry]
  1080 | D:1      | Reached XP level 3. HP: 26/27 MP: 3/3
  1520 | D:2      | Reached skill level 4 in Axes
  2176 | D:2      | Gained mutation: You are surrounded by a mild repulsion field. (EV +2) [demonic ancestry]
  2176 | D:2      | Reached XP level 4. HP: 30/33 MP: 4/4
  2778 | D:3      | Reached skill level 5 in Axes
  2792 | D:3      | Noticed polve's ghost (amateur GrFi)
  2816 | D:3      | Killed polve's ghost
  2816 | D:3      | Reached skill level 6 in Axes
  2816 | D:3      | Reached XP level 5. HP: 12/38 MP: 5/5
  2816 | D:3      | Gained mutation: You are surrounded by a moderate repulsion field. (EV +3) [demonic ancestry]
  2816 | D:3      | Reached XP level 6. HP: 14/44 MP: 6/6
  4280 | D:4      | Noticed polve's ghost (amateur DsGl)
  4294 | D:4      | Killed polve's ghost
  4294 | D:4      | Reached skill level 7 in Axes
  4294 | D:4      | Gained mutation: You have a pair of horns on your head. [demonic ancestry]
  4294 | D:4      | Reached XP level 7. HP: 38/50 MP: 7/7
  5084 | D:4      | Reached skill level 8 in Axes
  5220 | D:5      | Entered Level 5 of the Dungeon
  5249 | D:5      | Reached skill level 1 in Armour
  6204 | D:5      | Reached XP level 8. HP: 53/56 MP: 8/8
  6242 | D:5      | Gained mutation: You are robust. (+10% HP) [mutagenic meat]
  6243 | D:5      | Gained mutation: You do not regenerate when monsters are visible. [mutagenic meat]
  6244 | D:5      | Lost mutation: You are robust. (+10% HP) [mutagenic meat]
  6586 | D:6      | Found Oheelum's Antique Armour Boutique.
  6588 | D:6      | Noticed a cyclops
  6607 | D:6      | Reached skill level 9 in Axes
  6608 | D:6      | Killed a cyclops
  6612 | D:6      | Reached skill level 10 in Axes
  6614 | D:6      | Demolished by an ogre

Skill      XL: |  1  2  3  4  5  6  7  8 |
---------------+-------------------------+-----
Axes           | 3 4 6 7 8 10 | 10.0
Armour         | 2 |  2.1
Fighting       | |  2.0
Throwing       | |  1.7
Dodging        | |  2.6

Action                   |  1- 3 |  4- 6 |  7- 9 || total
-------------------------+-------+-------+-------++-------
Melee: War axe           |    92 |   172 |   136 ||   400
       Headbutt          |    12 |    25 |    26 ||    63
  Use: Potion            |     1 |     3 |     4 ||     8
       Scroll            |       |       |     2 ||     2
 Stab: Sleeping          |     1 |     1 |     1 ||     3
       Distracted        |     1 |       |       ||     1
  Eat: Chunk             |     3 |     8 |     9 ||    20
Armor: Leather armour    |    23 |    32 |     5 ||    60
       Skin              |       |    17 |       ||    17
       Scale mail        |       |       |    21 ||    21
Dodge: Dodged            |    57 |   106 |   115 ||   278
Block: Other             |     3 |     8 |    15 ||    26
       Reflection        |     1 |     1 |       ||     2
